 Dungeon Crawl Stone Soup version 0.27-a0-328-g7f782ed93a (webtiles) character file.

Game seed: 2778603654951519458

152 gruber the Covert (level 5, -1/47 HPs)
             Began as a Gnoll Delver on Feb 12, 2021.
             Slain by an orc
             ... wielding a +0 club
              (3 damage)
             ... on level 5 of the Dungeon.
             The game lasted 00:02:05 (1747 turns).

gruber the Covert (Gnoll Delver)                    Turns: 1747, Time: 00:02:05

Health: -1/47      AC:  3    Str: 11    XL:     5   Next: 34%
Magic:  6/7        EV: 14    Int: 10    God:
Gold:   69         SH:  0    Dex: 14    Spells: 5/6 levels left

rFire    . . .     SeeInvis .   a - +0 falchion
rCold    . . .     Faith    .   (no shield)
rNeg     . . .     Spirit   .   b - +0 leather armour
rPois    .         Reflect  .   (no helmet)
rElec    .         Harm     .   (no cloak)
rCorr    .         Rampage  .   (no gloves)
Will     .....                  (no boots)
Stlth    ++++......             (no amulet)
HPRegen  0.15/turn              (no ring)
MPRegen  0.10/turn              (no ring)

@: no status effects
A: distributed training, fangs 1, strong nose
a: no special abilities


You were on level 5 of the Dungeon.
You visited 2 branches of the dungeon, and saw 3 of its levels.

You collected 69 gold pieces.

Inventory:

Hand Weapons
 a - a +0 falchion (weapon)
Armour
 b - a +0 leather armour (worn)
Wands
 g - a wand of digging (3)
Scrolls
 c - a scroll of fog
 d - 2 scrolls of magic mapping
 e - a scroll of fear
 h - 2 scrolls of random uselessness {unknown}
 i - a scroll of enchant armour {unknown}
 j - a scroll of identify {unknown}
 k - a scroll of teleportation {unknown}
Potions
 f - a potion of haste
 l - a potion of curing {unknown}


   Skills:
 + Level 6.7 Fighting
 + Level 1.4 Short Blades
 + Level 4.8 Long Blades
 + Level 1.4 Axes
 + Level 1.4 Maces & Flails
 + Level 1.4 Polearms
 + Level 1.4 Staves
 + Level 1.4 Slings
 + Level 1.4 Bows
 + Level 1.4 Crossbows
 + Level 1.4 Throwing
 + Level 1.4 Armour
 + Level 4.8 Dodging
 + Level 9.6 Stealth
 + Level 1.4 Shields
 + Level 1.4 Unarmed Combat
 + Level 1.4 Spellcasting
 + Level 1.1 Conjurations
 + Level 1.1 Hexes
 + Level 1.1 Summonings
 + Level 1.1 Necromancy
 + Level 1.1 Translocations
 + Level 1.1 Transmutations
 + Level 1.1 Fire Magic
 + Level 1.1 Ice Magic
 + Level 1.1 Air Magic
 + Level 1.1 Earth Magic
 + Level 1.1 Poison Magic
 + Level 1.6 Invocations
 + Level 1.4 Evocations


You had 5 spell levels left.
You knew the following spells:

 Your Spells              Type           Power        Failure   Level
a - Foxfire               Conj/Fire      12%          26%         1

Your spell library contained the following spells:

 Spells                   Type           Power        Failure   Level
 Conjure Flame            Conj/Fire      3%           63%         3
 Inner Flame              Hex/Fire       3%           63%         3
 Sticky Flame             Conj/Fire      3%           95%         4
 Fireball                 Conj/Fire      1%           100%        5


Dungeon Overview and Level Annotations

Branches:
Dungeon (5/15)             Temple (1/1) D:5

Altars:
Ashenzari
Cheibriados
Dithmenos
Elyvilon
Fedhas
Makhleb
Nemelex Xobeh
Qazlal
Ru
Wu Jian
Xom
Yredelemnul
The Shining One

Shops:
D:5 ?


Innate Abilities, Weirdness & Mutations

Your experience applies equally to all skills.
You have very sharp teeth.
Your uncanny sense of smell can sniff out nearby items.


Message History

You bump into the rock wall.
The orc wizard closely misses you. The orc closely misses you.
The orc wizard barely misses you.
Unknown command.
You slash the orc wizard!
The orc wizard is heavily wounded.
The orc wizard hits you with a +0 dagger.
* * * LOW HITPOINT WARNING * * *
The orc wizard barely misses you. The orc closely misses you.
You barely miss the orc wizard.
The orc wizard is heavily wounded.
The orc wizard gestures at itself while chanting.
The orc wizard flickers and vanishes!
Deactivating autopickup; reactivate with Ctrl-A.
The orc wizard closely misses you. The orc closely misses you.
Unknown command.
You hit the orc wizard.
You kill the orc wizard!
Something hits you.
* * * LOW HITPOINT WARNING * * *
The orc hits you but does no damage. Something hits you but does no damage.
Unknown command.
You bump into the rock wall.
The orc hits you but does no damage. Something hits you.
* * * LOW HITPOINT WARNING * * *
Unknown command.
Unknown command.
You're too confused to move!
You feel less confused. The orc hits you with a +0 club.
* * * LOW HITPOINT WARNING * * *
Something hits you.
* * * LOW HITPOINT WARNING * * *
You hit something but do no damage. You bite something.
The orc hits you but does no damage. Something barely misses you.
You closely miss something. Something hits you.
* * * LOW HITPOINT WARNING * * *
The orc misses you.
You miss something. Something hits you but does no damage.
The orc hits you with a +0 club.
You die...

#.#...# #.#####.
#..##.# ##.# ##
##.##.### #..# #
#..#...# #.##
##.###.# ###.#
#.###.### #...#
#..##...####.###
####.####....#.#
####
#.....{@####...#
##...
#.....)o#......#
#...#
#.......#.....##
###.#
####.####...#.#
#.. #.# #####.##
### #.## #..##
## #..## ##..##
###. ##..##
##..## #...
##.>##
##..###.##


You could see an orc.

Vanquished Creatures
  2 hounds
  An iguana (D:5)
  An orc wizard (D:5)
  A worker ant (D:5)
  An adder skeleton (D:4)
  5 orcs (D:5)
  2 giant cockroaches (D:5)
  3 jackals (D:5)
16 creatures vanquished.

Vanquished Creatures (others)
  17 foxfires
17 creatures vanquished.

Grand Total: 33 creatures vanquished

Notes
Turn   | Place    | Note
-------+----------+-------------------------------------------
     0 | D:5      | Reached skill level 9 in Stealth
     0 | D:5      | gruber the Gnoll Delver began the quest for the Orb.
     0 | D:5      | Reached XP level 1. HP: 23/23 MP: 1/1
    13 | D:4      | Noticed a hound
    13 | D:4      | Noticed an orc wizard
    18 | D:5      | Found Lyeluth's Magic Scroll Emporium.
   412 | D:5      | Noticed a hound
   426 | D:5      | Killed a hound
   427 | D:5      | Reached XP level 2. HP: 11/29 MP: 1/3
   427 | D:5      | Reached XP level 3. HP: 13/35 MP: 1/4
   429 | D:5      | Reached skill level 1 in Invocations
   905 | D:5      | Found a staircase to the Ecumenical Temple.
   918 | Temple   | Entered the Ecumenical Temple
  1142 | D:5      | Learned a level 1 spell: Foxfire
  1218 | D:5      | Reached skill level 1 in Short Blades
  1218 | D:5      | Reached skill level 1 in Axes
  1218 | D:5      | Reached skill level 1 in Maces & Flails
  1218 | D:5      | Reached skill level 1 in Polearms
  1218 | D:5      | Reached skill level 1 in Staves
  1218 | D:5      | Reached skill level 1 in Slings
  1218 | D:5      | Reached skill level 1 in Bows
  1218 | D:5      | Reached skill level 1 in Crossbows
  1218 | D:5      | Reached skill level 1 in Throwing
  1218 | D:5      | Reached skill level 1 in Armour
  1218 | D:5      | Reached skill level 1 in Shields
  1218 | D:5      | Reached skill level 1 in Unarmed Combat
  1218 | D:5      | Reached skill level 1 in Spellcasting
  1218 | D:5      | Reached skill level 1 in Evocations
  1218 | D:5      | Reached XP level 4. HP: 24/41 MP: 2/5
  1225 | D:5      | Reached skill level 1 in Conjurations
  1225 | D:5      | Reached skill level 1 in Hexes
  1225 | D:5      | Reached skill level 1 in Summonings
  1225 | D:5      | Reached skill level 1 in Necromancy
  1225 | D:5      | Reached skill level 1 in Translocations
  1225 | D:5      | Reached skill level 1 in Transmutations
  1225 | D:5      | Reached skill level 1 in Fire Magic
  1225 | D:5      | Reached skill level 1 in Ice Magic
  1225 | D:5      | Reached skill level 1 in Air Magic
  1225 | D:5      | Reached skill level 1 in Earth Magic
  1225 | D:5      | Reached skill level 1 in Poison Magic
  1665 | D:4      | Reached XP level 5. HP: 40/47 MP: 3/7
  1746 | D:5      | HP: 2/47 [something (3)]
  1747 | D:5      | Slain by an orc

Illustrated notes

Levels and vault maps discovered:
D:4:      layout_rooms, lemuel_doored_altar, chequers_serial_rivers_large_b,
          grunt_decor_junction
D:5:      layout_rooms, minmay_temple_entry_offerings, serial_shops,
          shop_scrolls, doesnt_xom_only_xom
Temple:   nicolae_temple_figure_eight

Skill      XL: |  1  2  3  4 |
---------------+-------------+-----
Stealth        | |  9.6
Invocations    | 1 |  1.6
Short Blades   | 1 |  1.4
Axes           | 1 |  1.4
Maces & Flails | 1 |  1.4
Polearms       | 1 |  1.4
Staves         | 1 |  1.4
Slings         | 1 |  1.4
Bows           | 1 |  1.4
Crossbows      | 1 |  1.4
Throwing       | 1 |  1.4
Armour         | 1 |  1.4
Shields        | 1 |  1.4
Unarmed Combat | 1 |  1.4
Spellcasting   | 1 |  1.4
Evocations     | 1 |  1.4
Conjurations   | 1 |  1.1
Hexes          | 1 |  1.1
Summonings     | 1 |  1.1
Necromancy     | 1 |  1.1
Translocations | 1 |  1.1
Transmutations | 1 |  1.1
Fire Magic     | 1 |  1.1
Ice Magic      | 1 |  1.1
Air Magic      | 1 |  1.1
Earth Magic    | 1 |  1.1
Poison Magic   | 1 |  1.1
Fighting       | |  6.7
Long Blades    | |  4.8
Dodging        | |  4.8

Action                   |  1- 3 |  4- 6 || total
-------------------------+-------+-------++-------
Melee: Falchion          |    46 |    27 ||    73
       Bite              |     5 |     3 ||     8
 Cast: Foxfire           |     4 |     7 ||    11
Armor: Leather armour    |     7 |     9 ||    16
Dodge: Dodged            |    25 |    33 ||    58
       Rpst.: Falchion   |    10 |     5 ||    15

Table legend: (Time is in decaauts)
 A = Elapsed time spent in this place.
 B = Non-inter-level travel time spent in this place.
 C = Inter-level travel time spent in this place.
 D = Time resting spent in this place.
 E = Time spent auto-exploring this place.
 F = Levels seen in this place.
 G = Mean time per level.
                   A        B        C        D        E       F      G
               +--------+--------+--------+--------+--------+-----+--------+
         Total |   1754 |   1691 |     63 |     17 |   1403 |   3 |  584.7 |
       Dungeon |   1533 |   1484 |     49 |     17 |   1196 |   2 |  766.5 |
        Temple |    220 |    207 |     13 |      0 |    207 |   1 |  220.0 |
               +--------+--------+--------+--------+--------+-----+--------+

Top non-repeatable levels by time:
     D:5: 1437 daAuts
  Temple: 220 daAuts
     D:4: 96 daAuts
